TOP OF THE 1ST |
Salem-Keizer Volcanoes batting - Pitching for Milwaukee (NYP) Brewers : RHP Jun Yamashita
|
Pitching: RHP Jun Yamashita
|
|
Batting: RHB Devin Lowery
|
0-0: SINGLE (Flyball, 4D, EV 93.8 MPH)
|
Batting: RHB Frank Pena
|
Pickoff Throw to First - Out! 1-3 CS 0-0: Called Strike 0-1: Called Strike 0-2: Ball 1-2: Foul Ball, location: 2F 1-2: Foul Ball, location: 2F 1-2: Strikes out looking
|
Batting: RHB Troy Trice
|
0-0: Fly out, F8 (Flyball, 89M, EV 83.1 MPH)
|
Top of the 1st over - 0 runs, 1 hit, 0 errors, 0 left on base; Salem-Keizer 0 - Milwaukee (NYP) 0 |
BOTTOM OF THE 1ST |
Milwaukee (NYP) Brewers batting - Pitching for Salem-Keizer Volcanoes : RHP Dan Giles
|
Pitching: RHP Dan Giles
|
|
Batting: RHB Dan Allred
|
0-0: Fly out, F7 (Flyball, 7D, EV 90.0 MPH)
|
Batting: SHB Justin Hensley
|
0-0: Fly out, F9 (Line Drive, 89M, EV 98.8 MPH)
|
Batting: RHB Dustin Hartman
|
0-0: Ball 1-0: Called Strike 1-1: Foul Ball, location: 2F 1-2: Ball 2-2: Ball 3-2: Fly out, F9 (Flyball, 89M, EV 96.9 MPH)
|
Bottom of the 1st over - 0 runs, 0 hits, 0 errors, 0 left on base; Salem-Keizer 0 - Milwaukee (NYP) 0 |
TOP OF THE 2ND |
Salem-Keizer Volcanoes batting - Pitching for Milwaukee (NYP) Brewers : RHP Jun Yamashita
|
Batting: LHB James Wheaton
|
0-0: Ground out 4-3 (Groundball, 4, EV 78.1 MPH)
|
Batting: RHB Matt Shepard
|
0-0: Called Strike 0-1: Swinging Strike 0-2: Ball 1-2: Ball 2-2: Fly out, F8 (Flyball, 8RM, EV 85.6 MPH)
|
Batting: RHB Justin Layton
|
0-0: Ball 1-0: Called Strike 1-1: Ground out 4-3 (Groundball, 4MD, EV 101.9 MPH)
|
Top of the 2nd over - 0 runs, 0 hits, 0 errors, 0 left on base; Salem-Keizer 0 - Milwaukee (NYP) 0 |
BOTTOM OF THE 2ND |
Milwaukee (NYP) Brewers batting - Pitching for Salem-Keizer Volcanoes : RHP Dan Giles
|
Batting: LHB Mark Backstrom
|
0-0: Ball 1-0: Foul Ball, location: 2F 1-1: Ball 2-1: Swinging Strike 2-2: Foul Ball, location: 2F 2-2: Ball 3-2: Foul Ball, location: 2F 3-2: Foul Ball, location: 2F 3-2: Strikes out looking
|
Batting: SHB Jerry Duffy
|
0-0: SOLO HOME RUN (Flyball, 9D, EV 96.9 MPH), Distance : 367 ft
|
Batting: SHB C.J. Olivares
|
0-0: Ball 1-0: DOUBLE (Line Drive, 78M, EV 95.6 MPH)
|
Batting: LHB Sal Burgos
|
0-0: Foul Ball, location: 2F 0-1: Foul Ball, location: 2F 0-2: Strikes out looking
|
Batting: RHB Alfredo Sena
|
0-0: Ground out 6-3 (Groundball, 56, EV 107.5 MPH)
|
Bottom of the 2nd over - 1 run, 2 hits, 0 errors, 1 left on base; Salem-Keizer 0 - Milwaukee (NYP) 1 |
TOP OF THE 3RD |
Salem-Keizer Volcanoes batting - Pitching for Milwaukee (NYP) Brewers : RHP Jun Yamashita
|
Batting: RHB Bob Schweiger
|
0-0: Ball 1-0: Ball 2-0: Ball 3-0: Base on Balls
|
Batting: RHB Gabe Ochoa
|
0-0: Reached on error, E3 (Groundball, 34S, EV 88.8 MPH) Bob Schweiger to second
|
Batting: RHB Alexis Andrade
|
0-0: Ball 1-0: Foul Ball, location: 2F 1-1: Ball 2-1: Foul Ball, location: 2F 2-2: Strikes out swinging
|
Batting: RHB Devin Lowery
|
0-0: Called Strike 0-1: Ball 1-1: Called Strike 1-2: Ball 2-2: Strikes out swinging
|
Batting: RHB Frank Pena
|
0-0: Called Strike 0-1: SINGLE (Groundball, 6MD, EV 94.4 MPH) Bob Schweiger to third Gabe Ochoa to second
|
Batting: RHB Troy Trice
|
0-0: Ball Wild Pitch! Bob Schweiger scores Gabe Ochoa to third Frank Pena to second 1-0: Ball 2-0: Foul Ball, location: 2F 2-1: Called Strike 2-2: Ball 3-2: Foul Ball, location: 2F 3-2: Strikes out swinging
|
Top of the 3rd over - 1 run, 1 hit, 1 error, 2 left on base; Salem-Keizer 1 - Milwaukee (NYP) 1 |
BOTTOM OF THE 3RD |
Milwaukee (NYP) Brewers batting - Pitching for Salem-Keizer Volcanoes : RHP Dan Giles
|
Batting: RHB Michael Dickerson
|
0-0: Swinging Strike 0-1: Ball 1-1: DOUBLE (Line Drive, 78XD, EV 106.2 MPH)
|
Batting: RHB Dan Allred
|
0-0: Called Strike 0-1: Ball 1-1: TRIPLE (Flyball, 89XD, EV 104.4 MPH) Michael Dickerson scores
|
Batting: SHB Justin Hensley
|
0-0: Ball Passed Ball! Dan Allred scores 1-0: Ball 2-0: Ball 3-0: Called Strike 3-1: Foul Ball, location: 2F 3-2: SOLO HOME RUN (Flyball, 89XD, EV 110.6 MPH), Distance : 414 ft
|
Batting: RHB Dustin Hartman
|
0-0: Foul Ball, location: 2F 0-1: Ground out 4-3 (Groundball, 4, EV 82.5 MPH)
|
Batting: LHB Mark Backstrom
|
0-0: Foul Ball, location: 2F 0-1: Ground out U3 (Groundball, 34, EV 100.0 MPH)
|
Batting: SHB Jerry Duffy
|
0-0: Called Strike 0-1: Foul Ball, location: 2F 0-2: Ball 1-2: Strikes out looking
|
Bottom of the 3rd over - 3 runs, 3 hits, 0 errors, 0 left on base; Salem-Keizer 1 - Milwaukee (NYP) 4 |
TOP OF THE 4TH |
Salem-Keizer Volcanoes batting - Pitching for Milwaukee (NYP) Brewers : RHP Jun Yamashita
|
Batting: LHB James Wheaton
|
0-0: Ball 1-0: Called Strike 1-1: Ball 2-1: Foul Ball, location: 2F 2-2: Fly out, F9 (Flyball, 9D, EV 77.5 MPH)
|
Batting: RHB Matt Shepard
|
0-0: Ball 1-0: Foul Ball, location: 2F 1-1: Swinging Strike 1-2: Ball 2-2: Foul Ball, location: 2F 2-2: Ball 3-2: Foul Ball, location: 2F 3-2: Base on Balls
|
Batting: RHB Justin Layton
|
0-0: Ball 1-0: Ball 2-0: Ball 3-0: Base on Balls Matt Shepard to second
|
Batting: RHB Bob Schweiger
|
0-0: SINGLE (Groundball, 56D, EV 100.6 MPH) Matt Shepard to third Justin Layton to second
|
Batting: RHB Gabe Ochoa
|
0-0: Ball Wild Pitch! Matt Shepard scores Justin Layton to third Bob Schweiger to second 1-0: Foul Ball, location: 2F 1-1: Swinging Strike 1-2: Ball 2-2: Strikes out swinging
|
Batting: RHB Alexis Andrade
|
0-0: Foul Ball, location: 2F 0-1: Called Strike 0-2: Strikes out swinging
|
Top of the 4th over - 1 run, 1 hit, 0 errors, 2 left on base; Salem-Keizer 2 - Milwaukee (NYP) 4 |
BOTTOM OF THE 4TH |
Milwaukee (NYP) Brewers batting - Pitching for Salem-Keizer Volcanoes : RHP Dan Giles
|
Batting: SHB C.J. Olivares
|
0-0: Called Strike 0-1: Ball 1-1: Called Strike 1-2: Ball 2-2: Foul Ball, location: 2F 2-2: Foul Ball, location: 2F 2-2: Ball 3-2: Base on Balls
|
Batting: LHB Sal Burgos
|
0-0: Called Strike 0-1: Fly out, F8 (Flyball, 89D, EV 89.4 MPH)
|
Batting: RHB Alfredo Sena
|
0-0: Foul Ball, location: 2F 0-1: Called Strike 0-2: Grounds into double play, 6-4-3 (Groundball, 6, EV 99.4 MPH)
|
Bottom of the 4th over - 0 runs, 0 hits, 0 errors, 0 left on base; Salem-Keizer 2 - Milwaukee (NYP) 4 |
TOP OF THE 5TH |
Salem-Keizer Volcanoes batting - Pitching for Milwaukee (NYP) Brewers : RHP Jun Yamashita
|
Batting: RHB Devin Lowery
|
0-0: Called Strike 0-1: Ball 1-1: TRIPLE (Groundball, 3L, EV 106.2 MPH)
|
Batting: RHB Frank Pena
|
0-0: Swinging Strike 0-1: Fly out, F9 (Flyball, 9LD, EV 100.0 MPH) Runner from 3rd tags up, SCORES, no throw by RF
|
Batting: RHB Troy Trice
|
0-0: Called Strike 0-1: Foul Ball, location: 2F 0-2: Strikes out swinging
|
Batting: LHB James Wheaton
|
0-0: Ball 1-0: Foul Ball, location: 2F 1-1: Ball 2-1: Ground out 5-3 (Groundball, 5, EV 105.0 MPH)
|
Top of the 5th over - 1 run, 1 hit, 0 errors, 0 left on base; Salem-Keizer 3 - Milwaukee (NYP) 4 |
BOTTOM OF THE 5TH |
Milwaukee (NYP) Brewers batting - Pitching for Salem-Keizer Volcanoes : RHP Dan Giles
|
Batting: RHB Michael Dickerson
|
0-0: Called Strike 0-1: Ball 1-1: Foul Ball, location: 2F 1-2: Ball 2-2: Ball 3-2: SINGLE (Line Drive, 6D, EV 96.2 MPH)
|
Batting: RHB Dan Allred
|
0-0: Swinging Strike 0-1: Called Strike 0-2: Foul Ball, location: 2F 0-2: Ball 1-2: Ball 2-2: Strikes out swinging
|
Batting: SHB Justin Hensley
|
0-0: Ball 1-0: Swinging Strike 1-1: Called Strike 1-2: Foul Ball, location: 2F 1-2: Strikes out swinging
|
Batting: RHB Dustin Hartman
|
0-0: Ball 1-0: Ball 2-0: Called Strike 2-1: Ball 3-1: Base on Balls Michael Dickerson to second
|
Batting: LHB Mark Backstrom
|
0-0: Called Strike 0-1: Ball 1-1: Called Strike 1-2: Ground out 1-3 (Groundball, 34S, EV 66.2 MPH)
|
Bottom of the 5th over - 0 runs, 1 hit, 0 errors, 2 left on base; Salem-Keizer 3 - Milwaukee (NYP) 4 |
TOP OF THE 6TH |
Salem-Keizer Volcanoes batting - Pitching for Milwaukee (NYP) Brewers : RHP Jun Yamashita
|
Pitching: RHP Ryan Powers
|
|
Batting: RHB Matt Shepard
|
0-0: Called Strike 0-1: Fly out, F4 (Popup, 23, EV 76.9 MPH)
|
Batting: RHB Justin Layton
|
0-0: Called Strike 0-1: Ground out 5-3 (Groundball, 5, EV 87.5 MPH)
|
Batting: RHB Bob Schweiger
|
0-0: Ball 1-0: Ball 2-0: Ball 3-0: Called Strike 3-1: Foul Ball, location: 2F 3-2: Foul Ball, location: 2F 3-2: Ground out 6-3 (Groundball, 6, EV 77.5 MPH)
|
Top of the 6th over - 0 runs, 0 hits, 0 errors, 0 left on base; Salem-Keizer 3 - Milwaukee (NYP) 4 |
BOTTOM OF THE 6TH |
Milwaukee (NYP) Brewers batting - Pitching for Salem-Keizer Volcanoes : RHP Dan Giles
|
Batting: SHB Jerry Duffy
|
0-0: Called Strike 0-1: Foul Ball, location: 2F 0-2: SINGLE (Flyball, 4D, EV 88.8 MPH)
|
Batting: SHB C.J. Olivares
|
0-0: Ball 1-0: Fielders Choice at 2nd, 4-6 (Groundball, 4, EV 80.0 MPH)
|
Batting: LHB Sal Burgos
|
0-0: Called Strike C.J. Olivares steals 2nd base 0-1: Ball 1-1: Ground out 4-3 (Groundball, 4, EV 100.0 MPH) C.J. Olivares to third
|
Pitching: RHP Chance Robinson
|
|
Batting: RHB Alfredo Sena
|
0-0: Ball 1-0: Ball 2-0: Called Strike 2-1: Called Strike 2-2: Strikes out looking
|
Bottom of the 6th over - 0 runs, 1 hit, 0 errors, 1 left on base; Salem-Keizer 3 - Milwaukee (NYP) 4 |
TOP OF THE 7TH |
Salem-Keizer Volcanoes batting - Pitching for Milwaukee (NYP) Brewers : RHP Ryan Powers
|
Batting: RHB Gabe Ochoa
|
0-0: Ball 1-0: Foul Ball, location: 2F 1-1: Ball 2-1: SINGLE (Line Drive, 7S, EV 100.0 MPH)
|
Pinch Hitting: RHB Jeremy Bailey
|
0-0: Grounds into double play, 4-6-3 (Groundball, 4, EV 101.9 MPH)
|
Batting: RHB Devin Lowery
|
0-0: Called Strike 0-1: Foul Ball, location: 2F 0-2: Strikes out swinging, 2-3 out at first.
|
Top of the 7th over - 0 runs, 1 hit, 0 errors, 0 left on base; Salem-Keizer 3 - Milwaukee (NYP) 4 |
BOTTOM OF THE 7TH |
Milwaukee (NYP) Brewers batting - Pitching for Salem-Keizer Volcanoes : RHP Chance Robinson
|
Now at 2B: Matt Shepard
|
|
Now at 3B: Willie Sanchez
|
|
Batting: RHB Michael Dickerson
|
0-0: Called Strike 0-1: Ball 1-1: Called Strike 1-2: Ground out U3 (Groundball, 13, EV 81.2 MPH)
|
Batting: RHB Dan Allred
|
0-0: Foul Ball, location: 2F 0-1: Swinging Strike 0-2: Strikes out looking
|
Batting: SHB Justin Hensley
|
0-0: Ball 1-0: Ball 2-0: Ball 3-0: Base on Balls
|
Batting: RHB Dustin Hartman
|
0-0: Called Strike 0-1: Fielders Choice at 2nd, 6-4 (Groundball, 6, EV 100.0 MPH)
|
Bottom of the 7th over - 0 runs, 0 hits, 0 errors, 1 left on base; Salem-Keizer 3 - Milwaukee (NYP) 4 |
TOP OF THE 8TH |
Salem-Keizer Volcanoes batting - Pitching for Milwaukee (NYP) Brewers : RHP Ryan Powers
|
Batting: RHB Frank Pena
|
0-0: Ball 1-0: Ball 2-0: TRIPLE (Flyball, 89XD, EV 96.9 MPH)
|
Pitching: RHP Dustin Pryor
|
|
Batting: RHB Troy Trice
|
0-0: Foul Ball, location: 2F 0-1: Reached on error, E6 (Groundball, 6, EV 82.5 MPH) Frank Pena scores
|
Batting: LHB James Wheaton
|
0-0: Foul Ball, location: 2F 0-1: Ball 1-1: Ground out 4-3 (Groundball, 34S, EV 85.6 MPH) Troy Trice to second
|
Batting: RHB Matt Shepard
|
0-0: Intentional Walk
|
Batting: RHB Justin Layton
|
0-0: Called Strike 0-1: Called Strike 0-2: Foul Ball, location: 2F 0-2: Strikes out swinging
|
Batting: RHB Bob Schweiger
|
0-0: Ball 1-0: Fielders Choice at 2nd, 6-4 (Groundball, 6, EV 90.6 MPH)
|
Top of the 8th over - 1 run, 1 hit, 1 error, 2 left on base; Salem-Keizer 4 - Milwaukee (NYP) 4 |
BOTTOM OF THE 8TH |
Milwaukee (NYP) Brewers batting - Pitching for Salem-Keizer Volcanoes : RHP Chance Robinson
|
Pinch Hitting: SHB Josh Schultze
|
0-0: Fly out, F7 (Flyball, 78M, EV 88.1 MPH)
|
Batting: SHB Jerry Duffy
|
0-0: Called Strike 0-1: Called Strike 0-2: Fly out, F7 (Flyball, 7LM, EV 93.1 MPH)
|
Batting: SHB C.J. Olivares
|
0-0: Called Strike 0-1: Ground out U3 (Groundball, 3, EV 81.2 MPH)
|
Bottom of the 8th over - 0 runs, 0 hits, 0 errors, 0 left on base; Salem-Keizer 4 - Milwaukee (NYP) 4 |
TOP OF THE 9TH |
Salem-Keizer Volcanoes batting - Pitching for Milwaukee (NYP) Brewers : RHP Dustin Pryor
|
Now in RF: Karel Hort
|
|
Batting: RHB Gabe Ochoa
|
0-0: Foul Ball, location: 2F 0-1: Called Strike 0-2: Ball 1-2: Foul Ball, location: 2F 1-2: Foul Ball, location: 2F 1-2: Strikes out swinging
|
Batting: RHB Willie Sanchez
|
0-0: Foul Ball, location: 2F 0-1: Swinging Strike 0-2: Ball 1-2: Ball 2-2: Fly out, F8 (Flyball, 8RM, EV 82.5 MPH)
|
Batting: RHB Devin Lowery
|
0-0: Swinging Strike 0-1: Foul Ball, location: 2F 0-2: Foul Ball, location: 2F 0-2: Ball 1-2: Ball 2-2: Ball 3-2: SINGLE (Groundball, 4D, EV 100.6 MPH)
|
Pitching: RHP Ernie Borden
|
|
Batting: RHB Frank Pena
|
0-0: Ball 1-0: Called Strike 1-1: Ball Devin Lowery steals 2nd base (no throw) 2-1: Fly out, F3 (Popup, 34, EV 66.2 MPH)
|
Top of the 9th over - 0 runs, 1 hit, 0 errors, 1 left on base; Salem-Keizer 4 - Milwaukee (NYP) 4 |
BOTTOM OF THE 9TH |
Milwaukee (NYP) Brewers batting - Pitching for Salem-Keizer Volcanoes : RHP Chance Robinson
|
Pitching: RHP Sam Drews
|
|
Batting: LHB Sal Burgos
|
0-0: Ball 1-0: Ground out 3-1 (Groundball, 34, EV 107.5 MPH)
|
Batting: RHB Alfredo Sena
|
0-0: Called Strike 0-1: Ball 1-1: Foul Ball, location: 2F 1-2: Fly out, F3 (Popup, 3SF, EV 68.1 MPH)
|
Pinch Hitting: LHB John Fortin
|
0-0: Called Strike 0-1: DOUBLE (Groundball, 3L, EV 95.0 MPH)
|
Pinch Hitting: SHB Ramon Perez
|
0-0: Ball 1-0: DOUBLE (Flyball, 9LD, EV 105.6 MPH) John Fortin scores
|
Bottom of the 9th over - 1 run, 2 hits, 0 errors, 1 left on base; Salem-Keizer 4 - Milwaukee (NYP) 5 |
|